 Dungeon Crawl Stone Soup version 0.25-a0-733-gf7d8cd8a05 (webtiles) character file.

Game seed: 10182639347407446744, levelgen mode: deterministic

5748 Amnesiac the Frost Mage (level 10, 0/90 HPs)
             Began as a Ghoul Ice Elementalist on Apr 9, 2020.
             Was a Priest of Vehumet.
             Slain by Joseph
             ... wielding a +0 quarterstaff
              (12 damage)
             ... on level 8 of the Dungeon.
             The game lasted 00:18:53 (8731 turns).

Amnesiac the Frost Mage (Ghoul Ice Elementalist)    Turns: 8731, Time: 00:18:54

Health: 0/90       AC:  5    Str: 21    XL:     10   Next: 77%
Magic:  0/19       EV: 12    Int: 10    God:    Vehumet [***...]
Gold:   276        SH:  0    Dex:  9    Spells: 7/22 levels left

rFire    . . .     SeeInvis .   H - +6 short sword of the Pure Lies {vorpal, *Slow MR+ Str+8 Int-3}
rCold    + . .     Gourm    .   (no shield)
rNeg     + + +     Faith    .   a - +0 robe
rPois    ∞         Spirit   .   (no helmet)
rElec    .         Reflect  .   N - +0 cloak
rCorr    .         Harm     .   y - +1 pair of gloves
MR       ++...                  (no boots)
Stlth    ++........             q - amulet of regeneration
HPRegen  0.00/turn              j - +1 ring of slaying
MPRegen  0.16/turn              g - ring of protection from magic

@: frozen ramparts, rotting, studying Armour
A: rotting body, claws 1, carnivore, cold resistance 1, negative energy
resistance 3, inhibited regeneration, torment resistance, unbreathing
a: Renounce Religion


You were on level 8 of the Dungeon.
You worshipped Vehumet.
Vehumet was most pleased with you.
You were not hungry.

You visited 2 branches of the dungeon, and saw 9 of its levels.

You collected 351 gold pieces.
You spent 75 gold pieces at shops.

Inventory:

Hand Weapons
 i - a +4 scimitar of flaming
 p - a +0 long sword
 F - a +7 vorpal triple crossbow
 H - the +6 short sword of the Pure Lies (weapon) {vorpal, *Slow MR+ Str+8 Int-3}
   (You found it on level 7 of the Dungeon)

   It inflicts extra damage upon your enemies.
   It affects your strength (+8).
   It affects your intelligence (-3).
   It affects your resistance to hostile enchantments.
   It may slow you when you take damage.
 M - a +3 dagger of draining
Armour
 a - a +0 robe (worn)
 l - a scarf of cloud immunity
 x - a +2 robe of fire resistance
 y - a +1 pair of gloves (worn)
 N - a +0 cloak (worn)
Jewellery
 g - a ring of protection from magic (right hand)
 j - a +1 ring of slaying (left hand)
 q - an amulet of regeneration (around neck)
Wands
 h - a wand of paralysis (11)
 m - a wand of disintegration (9)
 K - a wand of digging (6)
 O - a wand of acid (2)
Scrolls
 b - a scroll of blinking {!r}
 d - a scroll of enchant weapon {!r}
 e - 5 scrolls of teleportation {!r}
 f - 2 scrolls of fear {!r}
 k - 2 scrolls of remove curse {!r}
 r - a scroll of magic mapping {!r}
Potions
 n - a potion of flight {!q, unknown}
 o - 5 potions of curing {!q}
 s - a potion of brilliance {!q, unknown}
 t - 2 potions of might {!q, unknown}
 u - a potion of mutation {!q, unknown}
 v - a potion of stabbing {!q, unknown}
 w - a potion of degeneration {!q, unknown}
 L - 3 potions of haste {!q}
Books
 E - a manual of Armour
Miscellaneous
 G - a lightning rod (4/4)
 I - a tin of tremorstones
 J - a box of beasts
Comestibles
 c - 24 rations


   Skills:
 + Level 8.6 Fighting
 - Level 1.7 Dodging
 - Level 2.1 Stealth
 + Level 6.9 Spellcasting
 * Level 12.6 Ice Magic


You had 7 spell levels left.
You knew the following spells:

 Your Spells              Type           Power        Failure   Level  Hunger
b - Frozen Ramparts       Ice            ####..       1%          3    ###....
c - Summon Ice Beast      Ice/Summ       ###.....     14%         4    ####...
d - Hailstorm             Conj/Ice       ###.....     4%          4    ####...
e - Shock                 Conj/Air       #...         5%          1    None
z - Ozocubu's Armour      Chrm/Ice       ###.....     4%          3    ###....

Your spell library contained the following spells:

 Spells                   Type           Power        Failure   Level  Hunger
 Searing Ray              Conj           #.....       8%          2    ##.....
 Freeze                   Ice            ####         1%          1    None
 Infusion                 Chrm           #...         19%         1    None
 Shroud of Golubria       Chrm/Tloc      #.....       28%         2    ##.....
 Song of Slaying          Chrm           #.......     28%         2    ##.....
 Spectral Weapon          Hex/Chrm       #.......     50%         3    ###....


Dungeon Overview and Level Annotations

Branches:
Dungeon (8/15)             Temple (1/1) D:6            Lair (0/6) D:8

Altars:
Ashenzari
Elyvilon
Fedhas
Gozag
Hepliaklqana
Kikubaaqudgha
Makhleb
Nemelex Xobeh
Okawaru
Qazlal
Ru
Sif Muna
Trog
Vehumet
Wu Jian
Xom
Yredelemnul
Zin
The Shining One

Shops:
D:8 *

Annotations:
D:5 exclusion: 2 doors
D:8 Joseph


Innate Abilities, Weirdness & Mutations

Your body is rotting away.
You thrive on raw meat.
You are immune to poison.
You have sharp fingernails.
You are carnivorous and can eat meat at any time.
Your flesh is cold resistant. (rC+)
You are immune to negative energy. (rN+++)
You do not regenerate when monsters are visible.
You are immune to unholy pain and torment.
You can survive without breathing.


Message History

Press: ? - help, Dir - move target cursor, f - Joseph
Aim: Joseph, wielding a +1 hunting sling of freezing, wearing a +0 ring mail of cold resistance, quivering 23 sling bullets and carrying a wand of iceblast (7) (lightly wounded) Attack!
Joseph resists.
The wall freezes Joseph.
Joseph shoots a sling bullet.
The sling bullet hits your ice beast!
Your ice beast dies!
Joseph resists.
The wall freezes Joseph.
Joseph shoots a sling bullet.
The sling bullet hits your ice beast.
Your ice beast freezes Joseph.
Joseph resists.
Joseph resists.
The wall freezes Joseph.
Joseph shoots a sling bullet.
The sling bullet barely misses your ice beast.
The sling bullet hits you! The sling bullet freezes you.
Your ice beast freezes Joseph.
Joseph resists.
Joseph resists.
The wall freezes Joseph.
Joseph unwields a +1 hunting sling of freezing.
Joseph wields a +0 quarterstaff.
Joseph hits your ice beast with a +0 quarterstaff!
Your ice beast freezes Joseph.
Joseph resists.
Joseph resists.
The wall freezes Joseph.
Joseph unwields a +0 quarterstaff.
Joseph wields a +1 hunting sling of freezing.
It is covered in frost.
Joseph shoots a sling bullet.
The sling bullet barely misses your ice beast.
The sling bullet hits you!! The sling bullet freezes you.
Your ice beast disappears in a puff of smoke!
You see here 3 stones.
The frozen ramparts melt away.
You see here a stone.
You see here a sling bullet.
Joseph shoots a sling bullet.
The sling bullet hits you!
* * * LOW HITPOINT WARNING * * *
The sling bullet freezes you.
* * * LOW HITPOINT WARNING * * *
You see here a sling bullet.
Okay, then.
Eating one of 4 chunks of flesh.
You eat one of the 4 chunks of flesh.
This raw flesh tastes great!
Eat one of 3 chunks of flesh? (ye/n/q)
Okay, then.
Casting: Frozen Ramparts (safe; 1% risk of failure)
Confirm with . or Enter, or press ? or * to list all spells.
The walls around you are covered in ice.
Joseph resists.
The wall freezes Joseph.
Joseph shoots a sling bullet.
The sling bullet hits you!
* * * LOW HITPOINT WARNING * * *
The sling bullet freezes you.
* * * LOW HITPOINT WARNING * * *
Eat one of 3 chunks of flesh? (ye/n/q)
You eat one of the 3 chunks of flesh.
This raw flesh tastes great!
Joseph completely resists.
The wall freezes Joseph but do no damage.
Joseph shoots a sling bullet.
The sling bullet closely misses you.
Eat one of 2 chunks of flesh? (ye/n/q)
You eat one of the 2 chunks of flesh.
This raw flesh tastes great!
Joseph resists.
The wall freezes Joseph.
Joseph zaps a wand.
The mass of ice explodes!
The iceblast engulfs you! You partially resist.
* * * LOW HITPOINT WARNING * * *
Joseph resists.
The wall freezes Joseph.
Joseph unwields a +1 hunting sling of freezing.
Joseph wields a +0 quarterstaff.
Joseph hits you with a +0 quarterstaff!!
* * * LOW HITPOINT WARNING * * *
Eat a chunk of flesh? (ye/n/q)
You eat the chunk of flesh.
This raw flesh tastes great!
Joseph resists.
The wall freezes Joseph.
Joseph hits you with a +0 quarterstaff!
You die...

###**##**#*****
#..,,.#,.,,,,,***
#.#**.#.#*,,,,,,*
#.###.#.##.,,,,,,
##.#........,*,*,,
#?.....).#*,,,,*,,
#.@(.....#*,,*,,,,
#@##()#....,,,,*,,
#(###@#.#*#,,,,,,,
#.###(#.# ********
#...(((.# ********
#####.### *,,,,,,,
###.####*,,,,,,,
#......#*,,,.,,,
#.#.##.#*....,,,
#.#....#*....,<,


You could see Joseph.

Vanquished Creatures
  Erica (D:8)
  Pikel (D:7)
  2 hippogriffs
  Sigmund (D:6)
  Grum (D:8)
  2 sky beasts (D:5)
  An orc warrior (D:7)
  A phantom (D:5)
  4 slaves
  3 wolves (D:7)
  2 centaurs
  3 ogres (D:7)
  5 bullfrogs
  Dowan (D:7)
  A howler monkey (D:5)
  5 crimson imps
  2 hounds
  2 bullfrog zombies
  A centaur skeleton (D:7)
  6 jellies
  6 orc priests
  8 orc wizards
  3 iguanas
  12 worker ants
  4 hound skeletons
  2 worker ant zombies (D:6)
  11 gnolls (D:3)
  3 adders
  2 shadow imps
  2 oozes
  An adder zombie (D:7)
  An adder skeleton (D:5)
  A dart slug (D:3)
  2 worms (D:2)
  9 leopard geckos
  33 orcs
  9 giant cockroaches
  6 goblins
  6 hobgoblins
  15 jackals
  9 kobolds
  4 quokkas
  11 bats
  6 frilled lizards
  A giant cockroach zombie (D:5)
  2 jackal zombies (D:7)
  6 rats
220 creatures vanquished.

Vanquished Creatures (collateral kills)
  Harold (D:7)
  A slime creature (D:7)
  Duvessa (D:7)
  An orc warrior (D:8)
  An ice beast (D:7)
  A sky beast (D:6)
  An ogre (D:7)
  An orc priest (D:8)
  Crazy Yiuf (D:3)
  A killer bee zombie (D:6)
  An orc (D:8)
  A quokka (D:8)
12 creatures vanquished.

Grand Total: 232 creatures vanquished

Notes
Turn   | Place    | Note
-------+----------+-------------------------------------------
     0 | D:1      | Amnesiac the Ghoul Ice Elementalist began the quest for the
                  | Orb.
     0 | D:1      | Reached XP level 1. HP: 14/14 MP: 2/2
   226 | D:2      | Reached XP level 2. HP: 18/22 MP: 0/3
   279 | D:3      | Found a basalt altar of Yredelemnul.
   281 | D:3      | Found a faded altar of an unknown god.
   313 | D:3      | Reached skill level 1 in Fighting
   439 | D:3      | Reached XP level 3. HP: 8/28 MP: 2/5
   475 | D:3      | Reached skill level 5 in Ice Magic
   615 | D:2      | Reached XP level 4. HP: 12/35 MP: 1/6
   773 | D:2      | Learned a level 3 spell: Frozen Ramparts
   777 | D:2      | Learned a level 3 spell: Ozocubu's Armour
   874 | D:3      | Reached XP level 5. HP: 41/41 MP: 0/7
  1028 | D:4      | Reached skill level 6 in Ice Magic
  1126 | D:4      | Reached XP level 6. HP: 50/50 MP: 1/9
  1454 | D:2      | Found an ornate altar of the Wu Jian Council.
  1479 | D:4      | Found a blossoming altar of Fedhas.
  1526 | D:4      | Found an opulent altar of Gozag.
  1913 | D:5      | Entered Level 5 of the Dungeon
  1916 | D:5      | Noticed a phantom
  1954 | D:5      | Noticed a sky beast
  1959 | D:5      | Found a burning altar of Makhleb.
  1959 | D:5      | Noticed an Executioner
  1965 | D:5      | Noticed a neqoxec
  1965 | D:5      | Noticed a neqoxec
  1975 | D:5      | Killed a sky beast
  1975 | D:5      | Reached skill level 7 in Ice Magic
  1975 | D:5      | Reached XP level 7. HP: 35/58 MP: 4/11
  2019 | D:5      | Learned a level 4 spell: Summon Ice Beast
  2474 | D:5      | Reached skill level 8 in Ice Magic
  2486 | D:5      | Reached XP level 8. HP: 55/67 MP: 7/12
  2805 | D:5      | Learned a level 4 spell: Hailstorm
  2976 | D:6      | Reached skill level 5 in Fighting
  3069 | D:6      | Reached skill level 9 in Ice Magic
  3256 | D:6      | Found a sacrificial altar of Ru.
  3457 | D:6      | Found a glowing golden altar of the Shining One.
  3466 | D:6      | Found a staircase to the Ecumenical Temple.
  3466 | D:6      | Noticed Sigmund
  3482 | D:6      | Killed Sigmund
  3503 | D:7      | Identified a paperback manual
  3503 | Temple   | Entered the Ecumenical Temple
  3811 | Temple   | Became a worshipper of Vehumet
  4434 | D:1      | Reached * piety under Vehumet
  4434 | D:1      | Offered knowledge of Shock by Vehumet.
  4935 | D:2      | Learned a level 1 spell: Shock
  5860 | D:3      | Found a runed translucent door.
  5861 | D:3      | Noticed Crazy Yiuf
  5869 | D:3      | Killed Crazy Yiuf
  5869 | D:3      | Reached XP level 9. HP: 70/75 MP: 7/15
  6198 | D:7      | Noticed Pikel
  6203 | D:7      | Reached skill level 5 in Spellcasting
  6210 | D:7      | Killed Pikel
  6210 | D:7      | Reached skill level 10 in Ice Magic
  6519 | D:7      | Found a shimmering altar of Xom.
  6573 | D:7      | Noticed Harold
  6622 | D:7      | HP: 3/77 [centaur (6)]
  6810 | D:7      | Reached ** piety under Vehumet
  6810 | D:7      | Offered knowledge of Magic Dart by Vehumet.
  7107 | D:7      | Reached skill level 11 in Ice Magic
  7330 | D:7      | Reached XP level 10. HP: 84/86 MP: 0/18
  7561 | D:7      | Got a jewelled short sword
  7585 | D:7      | Noticed Duvessa
  7585 | D:7      | Noticed Dowan
  7588 | D:7      | Killed Dowan
  7593 | D:7      | Killed Duvessa
  7593 | D:7      | Offered knowledge of Searing Ray by Vehumet.
  8099 | D:7      | Killed Harold
  8099 | D:7      | Reached skill level 12 in Ice Magic
  8132 | D:8      | Noticed Grum
  8228 | D:7      | Reached *** piety under Vehumet
  8241 | D:8      | Killed Grum
  8415 | D:8      | Found Jorephi's Assorted Antiques.
  8423 | D:8      | Bought a scroll labeled LANASTEAMP for 26 gold pieces
  8423 | D:8      | Bought a scroll labeled LANASTEAMP for 26 gold pieces
  8423 | D:8      | Bought a sedimented cyan potion for 23 gold pieces
  8580 | D:8      | Noticed Erica
  8582 | D:8      | Identified the +6 short sword of the Pure Lies {vorpal,
                  | *Slow MR+ Str+8 Int-3} (You found it on level 7 of the
                  | Dungeon)
  8619 | D:8      | Killed Erica
  8626 | D:8      | Found a staircase to the Lair.
  8647 | D:8      | Found a shimmering altar of Xom.
  8687 | D:8      | Noticed Joseph
  8731 | D:8      | Slain by Joseph

Levels and vault maps discovered:
D:1:      dpeg_arrival_lava_altar, layout_loops_corners, grunt_decor_clamped,
          ebering_dispersal_statue_hall, st_stairs_13, minivault_19,
          minmay_misc_feat_nine_boxes
D:2:      layout_loops_cross, nicolae_overflow_hidden_temple,
          kennysheep_cross_bottleneck
D:3:      layout_loops_ring, overflow_temple_1_default,
          chequers_ecumenical_altar_simple_redux, first_ration,
          uniq_crazy_yiuf_cottage
D:4:      layout_loops_ring, fedhas_altar_fruit_tree, kennysheep_mini_moat
D:5:      minmay_opposing_rooms, layout_basic, makhleb_altar_promises_db
D:6:      layout_rooms, old_standard_altar, temple_fountains,
          nicolae_ru_path_of_blood, uniq_sigmund
D:7:      minmay_the_grid_triangle_9x9_rhombus_thin
          [minmay_the_grid_triangle_9x9_pentomino_pain,
          minmay_the_grid_triangle_9x9_prize_schism,
          minmay_the_grid_triangle_9x9_sparse_checkered,
          minmay_the_grid_triangle_9x9_corruption], layout_basic,
          grunt_ogre_cave, xom_teletrap_fun, uniq_pikel, uniq_duvessa,
          uniq_harold
D:8:      layout_loops_cross, lemuel_crystal_altar, lair_entry_dummy,
          serial_shops, shop, basic_altar, uniq_joseph, uniq_grum, uniq_erica
Temple:   oiseaux_autumnal_temple

Skill      XL: |  1  2  3  4  5  6  7  8  9 10 |
---------------+-------------------------------+-----
Spellcasting   | 2 3 4 6 |  6.9
Fighting       | 1 2 3 4 5 7 8 |  8.6
Ice Magic      | 5 6 7 8 9 11 12 | 12.6
Dodging        | |  1.7
Stealth        | |  2.1

Action                   |  1- 3 |  4- 6 |  7- 9 | 10-12 || total
-------------------------+-------+-------+-------+-------++-------
Melee: Unarmed           |    44 |    47 |    44 |       ||   135
       Long sword        |       |       |    91 |     7 ||    98
       Short sword       |       |       |       |    10 ||    10
 Cast: Freeze            |    38 |    25 |   170 |    22 ||   255
       Frozen Ramparts   |       |    10 |    31 |    18 ||    59
       Summon Ice Beast  |       |       |     6 |    15 ||    21
       Shock             |       |       |       |     5 ||     5
Evoke: Wand              |       |       |     4 |       ||     4
  Use: Scroll            |       |     3 |       |    10 ||    13
       Potion            |       |       |     2 |       ||     2
 Stab: Sleeping          |     1 |       |       |       ||     1
       Distracted        |       |       |     1 |     1 ||     2
  Eat: Chunk             |    18 |     6 |    60 |    11 ||    95
Armor: Robe              |    16 |    10 |    40 |     9 ||    75
Dodge: Dodged            |    54 |    40 |   174 |    41 ||   309
       Rpst.: Long sword |       |       |    32 |     8 ||    40

Table legend:
 A = Non-vault XP
 B = Vault XP
 C = Vault XP percentage of total XP
 D = Non-vault monster count
 E = Vault monster count
 F = Vault count percentage of total count
                 A         B        C        D         E       F
            +---------+---------+-------+---------+---------+-------
      Total |    3918 |    4294 |  52.3 |     201 |      27 |  11.8
            +---------+---------+-------+---------+---------+-------
        D:1 |      48 |       2 |   4.0 |      29 |       1 |   3.3
        D:2 |      48 |       0 |   0.0 |      21 |       0 |   0.0
        D:3 |     239 |      34 |  12.5 |      30 |       1 |   3.2
        D:4 |     304 |       0 |   0.0 |      24 |       0 |   0.0
        D:5 |     657 |     136 |  17.2 |      17 |       2 |  10.5
        D:6 |     716 |     223 |  23.7 |      28 |       1 |   3.4
        D:7 |    1269 |    2854 |  69.2 |      36 |      20 |  35.7
        D:8 |     637 |    1045 |  62.1 |      16 |       2 |  11.1
            +---------+---------+-------+---------+---------+-------
